 Dungeon Crawl Stone Soup version 0.29.1-15-g9cfb28693d (webtiles) character file.

Game seed: 5335117329294206005

16683 Peloso the Carver (level 12, -6/107 HPs)
             Began as a Minotaur Fighter on Apr 23, 2023.
             Was a High Priest of Okawaru.
             Mangled by an earth elemental (19 damage)
             ... in a volcano.
             The game lasted 00:19:43 (16237 turns).

Peloso the Carver (Minotaur Fighter)               Turns: 16237, Time: 00:19:44

Health: -6/107     AC: 14    Str: 30    XL:     12   Next: 12%
Magic:  12/12      EV: 10    Int:  5    God:    Okawaru [*****.]
Gold:   1169       SH:  6    Dex: 12    Spells: 11/11 levels left

rFire   + . .      SeeInvis .   a - +1 long sword
rCold   + . .      Faith    .   d - +0 buckler
rNeg    . . .      Spirit   .   c - +2 chain mail {rF+}
rPois   .          Reflect  .   (helmet restricted)
rElec   .          Harm     .   (no cloak)
rCorr   .          Rampage  .   (no gloves)
Will    +....                   (no boots)
Stlth   ..........              (no amulet)
HPRegen 0.27/turn               i - +6 ring of strength
MPRegen 0.13/turn               K - +4 ring of slaying

@: mighty
A: horns 2, retaliatory headbutt, talons 1, cold resistance 1, strong-willed 1
a: Renounce Religion, Heroism, Finesse, Duel


You were in a volcano.
You worshipped Okawaru.
Okawaru was extremely pleased with you.
You visited 3 branches of the dungeon, and saw 13 of its levels.
You also visited: Volcano.

You collected 1169 gold pieces.

Inventory:

Hand Weapons
 a - a +1 long sword (weapon)
Missiles
 k - 5 throwing nets (quivered)
Armour
 b - a +2 scale mail of positive energy
 c - a +2 chain mail of fire resistance (worn)
 d - a +0 buckler (worn)
 m - a +0 plate armour
Jewellery
 i - a +6 ring of strength (left hand)
 C - a ring of resist corrosion
 D - an amulet of the acrobat
 K - a +4 ring of slaying (right hand)
Wands
 l - a wand of roots (9)
 s - a wand of digging (15)
 x - a wand of flame (33)
 G - a wand of acid (4)
Scrolls
 f - 4 scrolls of teleportation
 j - a scroll of enchant armour
 n - 3 scrolls of immolation
 q - a scroll of noise
 r - a scroll of magic mapping
 v - a scroll of blinking
 w - 3 scrolls of fear
 y - a scroll of fog
 F - a scroll of enchant weapon
 H - 2 scrolls of amnesia
 I - a scroll of summoning
Potions
 e - a potion of brilliance
 g - 5 potions of curing
 h - 2 potions of might
 o - 2 potions of berserk rage {unknown}
 p - 3 potions of heal wounds
 t - 3 potions of attraction {unknown}
 u - 5 potions of ambrosia {unknown}
 z - 2 potions of lignification {unknown}
 A - a potion of cancellation {unknown}
 B - 2 potions of magic {unknown}
 E - 2 potions of haste {unknown}
 J - 2 potions of flight
Miscellaneous
 M - a condenser vane


   Skills:
 + Level 10.3 Fighting
 + Level 14.3 Long Blades
 + Level 13.6 Armour
 + Level 3.5 Dodging
 + Level 2.0 Stealth
 + Level 8.8 Shields
 + Level 2.1 Invocations
 + Level 0.7 Evocations


You had 11 spell levels left.
You didn't know any spells.
Your spell library contained the following spells:

 Spells                   Type           Power      Damage    Failure   Level
 Apportation              Tloc           0%         N/A       92%         1
 Necrotise                Necr           0%         1d4       92%         1
 Sandblast                Erth           0%         2d4       92%         1
 Slow                     Hex            0%         N/A       92%         1
 Passwall                 Tmut/Erth      0%         N/A       98%         2
 Static Discharge         Conj/Air       0%         3-3/arc   98%         2
 Confusing Touch          Hex            0%         N/A       100%        3
 Stone Arrow              Conj/Erth      0%         3d7       100%        3
 Vampiric Draining        Necr           0%         2d6       100%        3
 Dispel Undead            Necr           0%         3d6       100%        4
 Hailstorm                Conj/Ice       0%         3d3       100%        4
 Ice Form                 Ice/Tmut       0%         N/A       100%        4
 Sticky Flame             Conj/Fire      0%         2d3       100%        4
 Alistair's Intoxication  Tmut/Pois      0%         N/A       100%        5
 Lightning Bolt           Conj/Air       0%         1d11      100%        5
 Maxwell's Capacitive Co  Air            0%         ∞         100%        8
 Summon Small Mammal      Summ           Unusable   N/A       N/A         1
 Simulacrum               Ice/Necr       Unusable   N/A       N/A         6

Dungeon Overview and Level Annotations

Branches:
Dungeon (11/15)            Temple (1/1) D:4            Lair (1/5) D:8
Volcano (1/1)
    Orc: D:9-12

Altars:
Ashenzari
Cheibriados
Dithmenos
Elyvilon
Fedhas
Gozag
Hepliaklqana
Kikubaaqudgha
Makhleb
Nemelex Xobeh
Okawaru
Qazlal
Ru
Sif Muna
Trog
Uskayaw
Vehumet
Wu Jian
Xom
Yredelemnul
Zin
The Shining One
Jiyva

Portals:
Trove: D:10 (give 7 scrolls of blinking)

Annotations:
D:8 2 runed translucent doors, Quickbrownfox's ghost, novice DsIE
D:10 3 runed translucent doors, Eitelfritz's ghost, journeyman HOFi
D:11 4 transporters


Innate Abilities, Weirdness & Mutations

You have a pair of horns on your head.
You reflexively headbutt those who attack you in melee.
You have sharp toenails.
Your flesh is cold resistant. (rC+)
You are strong-willed. (Will+)


Message History

The gargoyle closely misses you.
You hit the gargoyle. You claw the gargoyle!! You headbutt the gargoyle.
You destroy the gargoyle!
Okawaru accepts your kill.
In the distance, the volcano erupts with a roar.
You see here a +0 flail.
An efreet comes into view.
It is wielding a +2 scimitar of flaming.
You slash the earth elemental! Your kick misses the earth elemental.
The earth elemental is lightly damaged.
You barely miss the earth elemental.
You claw the earth elemental, but do no damage.
The earth elemental is lightly damaged.
The efreet gestures at you. The bolt of fire hits you! You resist.
The earth elemental hits you!!
* * * LOW HITPOINT WARNING * * *
You hit the earth elemental. You claw the earth elemental.
The earth elemental is moderately damaged.
You slash the earth elemental! You headbutt the earth elemental!
The earth elemental is almost destroyed.
Unknown command.
You slash the efreet! Your kick misses the efreet. You headbutt the efreet.
The efreet is heavily wounded.
The efreet gestures at you. The bolt of fire misses you.
The earth elemental closely misses you.
You hit the efreet but do no damage. You claw the efreet.
The efreet is heavily wounded.
The efreet hits you with a +2 scimitar of flaming.
* * * LOW HITPOINT WARNING * * *
The efreet burns you.
* * * LOW HITPOINT WARNING * * *
You slice the efreet!!
You kill the efreet!
Okawaru accepts your kill. The earth elemental hits you!
* * * LOW HITPOINT WARNING * * *
You see here a +2 scimitar of flaming.
You hit the earth elemental. You claw the earth elemental.
The earth elemental is almost destroyed.
The earth elemental hits you!!
You die...

#8.8###....
##.## #...
#(# ...
##)## ##
##...##
##..∩..##
##.)#+#..#
##..##
##..# #@.##
##..#
#...E##
#... #....#
.... #.....
....#
###... .###
##### ##


You could see an earth elemental.

Vanquished Creatures
  A stone giant (Volcano)
  Fannar (D:11)
  Harold (D:9)
  Erolcha (D:11)
  Lodul (D:10)
  Pikel (D:5)
  A manticore (D:11)
  Joseph (D:10)
  Maurice (D:8)
  A cane toad (Lair:1)
  2 gargoyles (Volcano)
  2 unseen horrors (D:10)
  A kobold demonologist (D:11)
  An efreet (Volcano)
  3 unseen horror zombies (D:9)
  4 trolls
  Prince Ribbit (D:9)
  A hornet (D:9)
  Sigmund (D:3)
  3 wyverns
  A shadow (D:6)
  7 fire bats (Volcano)
  A vampire (D:9)
  2 fire elementals (Volcano)
  A wraith (D:9)
  4 yaks (D:9)
  3 steam dragons
  An acid dragon (D:9)
  2 water moccasins
  2 orc warriors
  2 ice beasts
  A sky beast (D:8)
  A black bear (D:6)
  9 ogres
  7 centaurs
  3 kobold brigands
  3 bullfrogs (D:7)
  A gnoll sergeant (D:10)
  2 necrophages (D:9)
  3 scorpions
  A wight (D:9)
  15 killer bees
  3 howler monkeys
  6 lava snakes (Volcano)
  7 hounds
  6 orc priests
  2 centaur zombies (D:9)
  A human zombie (D:9)
  2 iguanas
  Jessica (D:2)
  8 orc wizards
  A killer bee zombie (D:9)
  A howler monkey zombie (D:9)
  A mummy (D:9)
  11 gnolls
  11 adders
  2 white imps
  An ufetubus (D:5)
  2 worms
  34 orcs
  5 bats
  10 endoplasms
  2 giant cockroaches
  3 goblins
  6 hobgoblins
  2 jackals (D:1)
  3 quokkas (D:1)
  7 ball pythons
  4 frilled lizards
  17 kobolds
  3 rats
263 creatures vanquished.

Vanquished Creatures (others)
  A plant (Lair:1)
1 creature vanquished.

Grand Total: 264 creatures vanquished

Notes
Turn   | Place    | Note
-------+----------+-------------------------------------------
     0 | D:1      | Peloso the Minotaur Fighter began the quest for the Orb.
     0 | D:1      | Reached XP level 1. HP: 19/19 MP: 0/0
   133 | D:1      | Reached XP level 2. HP: 27/27 MP: 1/1
   288 | D:1      | Gained mutation: Your flesh is cold resistant. (rC+)
                  | [potion of mutation]
   288 | D:1      | Gained mutation: You are strong-willed. (Will+) [potion of
                  | mutation]
   288 | D:1      | Gained mutation: You have sharp toenails. [potion of
                  | mutation]
   389 | D:1      | Found a faded altar of an unknown god.
  1194 | D:2      | Reached skill level 3 in Long Blades
  1194 | D:2      | Reached XP level 3. HP: 33/33 MP: 2/2
  1332 | D:2      | Noticed Jessica
  1337 | D:2      | Killed Jessica
  1338 | D:2      | Reached XP level 4. HP: 38/40 MP: 3/3
  2013 | D:3      | Noticed Sigmund
  2018 | D:3      | Killed Sigmund
  2019 | D:3      | Reached skill level 5 in Long Blades
  2019 | D:3      | Reached skill level 5 in Armour
  2019 | D:3      | Reached XP level 5. HP: 43/47 MP: 4/4
  2079 | D:3      | Reached XP level 6. HP: 41/53 MP: 5/5
  2704 | D:3      | Found an opulent altar of Gozag.
  2801 | D:3      | Found a glowing silver altar of Zin.
  3252 | D:4      | Reached skill level 5 in Fighting
  3326 | D:4      | Reached skill level 6 in Long Blades
  3433 | D:4      | Reached XP level 7. HP: 24/61 MP: 6/6
  3659 | D:4      | Found a staircase to the Ecumenical Temple.
  3675 | Temple   | Entered the Ecumenical Temple
  3830 | D:4      | Found a radiant altar of Vehumet.
  3968 | D:4      | Reached skill level 1 in Dodging
  4087 | D:5      | Entered Level 5 of the Dungeon
  4147 | D:5      | Found a shadowy altar of Dithmenos.
  4329 | D:5      | Found a sacrificial altar of Ru.
  4822 | D:5      | Reached skill level 7 in Long Blades
  4932 | D:5      | Reached skill level 5 in Shields
  5513 | D:5      | Found a hazy altar of Hepliaklqana.
  5517 | D:5      | Noticed Pikel
  5529 | D:5      | HP: 3/62 [Pikel/+1 whip of electrocution (9)]
  5531 | D:5      | Killed Pikel
  5532 | D:5      | Reached skill level 8 in Long Blades
  5532 | D:5      | Reached XP level 8. HP: 15/70 MP: 7/7
  5806 | D:5      | Found an iron altar of Okawaru.
  6015 | D:5      | Became a worshipper of Warmaster Okawaru
  6253 | D:6      | Found an ornate altar of the Wu Jian Council.
  6349 | D:6      | Reached * piety under Okawaru
  6350 | D:6      | Reached skill level 1 in Stealth
  6804 | D:6      | Found an ancient bone altar of Kikubaaqudgha.
  6818 | D:6      | Reached skill level 9 in Long Blades
  6818 | D:6      | Reached XP level 9. HP: 31/78 MP: 8/8
  7619 | D:7      | You fall into a shaft and drop 1 floor!
  7628 | D:8      | Found a broken altar of Ashenzari.
  7785 | D:8      | Reached ** piety under Okawaru
  7786 | D:8      | Reached skill level 10 in Armour
  7885 | D:8      | Noticed a troll
  7893 | D:8      | Killed a troll
  7894 | D:8      | Reached skill level 10 in Long Blades
  7894 | D:8      | Found a staircase to the Lair.
  8288 | D:7      | Reached skill level 11 in Long Blades
  8996 | D:8      | Reached XP level 10. HP: 42/86 MP: 9/9
  9285 | D:8      | Found a large runed translucent door.
  9285 | D:8      | Found a large runed translucent door.
  9289 | D:8      | Noticed Quickbrownfox's ghost (novice DsIE)
  9347 | D:8      | Noticed Maurice
  9380 | D:8      | Killed Maurice
 10183 | D:9      | Reached *** piety under Okawaru
 10292 | D:9      | Reached skill level 12 in Long Blades
 10412 | D:9      | Found a basalt altar of Yredelemnul.
 10535 | D:9      | Noticed Prince Ribbit
 11113 | D:9      | Found a stormy altar of Qazlal.
 11132 | D:9      | Killed Prince Ribbit
 11474 | D:9      | Noticed Harold
 11483 | D:9      | Killed Harold
 11483 | D:9      | Reached **** piety under Okawaru
 11484 | D:9      | Reached skill level 1 in Invocations
 12103 | D:9      | Reached XP level 11. HP: 84/95 MP: 10/10
 12233 | D:10     | Entered Level 10 of the Dungeon
 12296 | D:10     | Reached skill level 13 in Long Blades
 12452 | D:10     | Noticed Lodul
 13053 | D:10     | Killed Lodul
 13088 | D:10     | Found a runed translucent gate.
 13088 | D:10     | Found a runed translucent gate.
 13088 | D:10     | Found a runed translucent gate.
 13091 | D:10     | Noticed Eitelfritz's ghost (journeyman HOFi)
 13091 | D:10     | Noticed a great orb of eyes
 13097 | D:10     | Found a viscous altar of Jiyva.
 13338 | D:10     | Noticed Joseph
 13346 | D:10     | Killed Joseph
 13650 | D:10     | Found a portal to a secret trove of treasure.
 13704 | D:10     | Received a gift from Okawaru
 14384 | D:11     | Noticed a soul eater
 14445 | D:11     | Noticed Erolcha
 14465 | D:11     | Killed Erolcha
 14590 | D:11     | Reached ***** piety under Okawaru
 14842 | D:11     | Found a transporter.
 15052 | D:11     | Found a transporter.
 15054 | D:11     | Found a transporter.
 15058 | D:11     | Found a transporter.
 15088 | D:11     | Noticed Fannar
 15097 | D:11     | Killed Fannar
 15098 | D:11     | Reached skill level 14 in Long Blades
 15630 | Lair:1   | Entered Level 1 of the Lair of Beasts
 15644 | Lair:1   | Found a dark tunnel.
 15655 | Volcano  | Entered a volcano
 15688 | Volcano  | Reached skill level 10 in Fighting
 15882 | Volcano  | Received a gift from Okawaru
 16200 | Volcano  | Reached XP level 12. HP: 88/106 MP: 9/12
 16202 | Volcano  | Noticed a stone giant
 16216 | Volcano  | Killed a stone giant
 16237 | Volcano  | Mangled by an earth elemental

Illustrated notes

Levels and vault maps discovered:
D:1:      enne_arrival_octagon_isle, layout_basic, basic_ecumenical_altar
D:2:      layout_loops_ring, uniq_jessica
D:3:      layout_basic, pdpol_temple_overflow_zin_treasury_gozag_greed,
          uniq_sigmund
D:4:      layout_cave_pools, vehumet_altar_wand_db,
          minmay_temple_entry_junction_2
D:5:      layout_basic, nicolae_dithmenos_shadow_blocks,
          mainiacjoe_overflow_brackets, okawaru_gym_becter, lemuel_doored_altar,
          uniq_pikel
D:6:      layout_layer_cave, nicolae_wu_jian_glorious_leap, marbit_many_paths
D:7:      layout_rooms, serial_curves, eino_curves_04, eino_curves_01,
          lemuel_flamethrower_1
D:8:      layout_basic, ashenzari_altar_1, lair_entry_dummy,
          ebering_ghost_disaster_area, uniq_maurice
D:9:      layout_basic, nicolae_qazlal_style_of_elements,
          lemuel_mausoleum_altar_yredelemnul, grunt_ministairs_6, minivault_16,
          kennysheep_pointless_box, uniq_harold, uniq_prince_ribbit1
D:10:     layout_irregular_city, serial_column_ruins, column_ruins_square_large,
          column_ruins_circle_medium, column_ruins_columns_straight,
          column_ruins_columns_corner, column_ruins_grid_1,
          column_ruins_open_tiny, gammafunk_ghost_ooze, enter_trove_2,
          grunt_decor_fettered, uniq_lodul, uniq_joseph
D:11:     layout_basic, nicolae_diode_intersection, uniq_fannar, uniq_erolcha
Temple:   hellmonk_temple_beads
Lair:1:   layout_roguey, nicolae_volcano_entry_hallway, serial_bayou_shore_b,
          grunt_megastairs_3
Volcano:  volcano_grotto [vgs_dualism]

Skill      XL: |  1  2  3  4  5  6  7  8  9 10 11 12 |
---------------+-------------------------------------+-----
Armour         | 4 5 7 9 10 11 13 | 13.6
Fighting       | 4 5 6 7 8 10 | 10.3
Long Blades    | 3 5 6 8 9 11 12 14 | 14.3
Shields        | 4 5 6 7 8 |  8.8
Dodging        | 2 3 |  3.5
Stealth        | 1 2 |  2.0
Invocations    | 1 2 |  2.1
Evocations     | |  0.7

Action                   |  1- 3 |  4- 6 |  7- 9 | 10-12 || total
-------------------------+-------+-------+-------+-------++-------
Melee: Long sword        |    59 |   100 |   286 |   380 ||   825
       Headbutt          |    14 |    16 |    67 |    91 ||   188
       Kick              |     3 |    29 |    86 |   135 ||   253
Invok: Heroism           |       |       |     3 |    19 ||    22
Evoke: Wand              |       |       |       |     4 ||     4
  Use: Potion            |     2 |       |     5 |     2 ||     9
       Scroll            |     1 |     3 |     2 |     8 ||    14
Armor: Scale mail        |    13 |       |       |       ||    13
       Chain mail        |    26 |    62 |    99 |   133 ||   320
       Plate armour      |       |       |    71 |    66 ||   137
Dodge: Dodged            |    28 |    32 |   120 |   160 ||   340
Block: Buckler           |    18 |    26 |    67 |   128 ||   239
